| TOP OF THE 1ST |
|
Columbus Reds batting - Pitching for Niagara Falls Phantoms : LHP Tony de la Cruz
|
|
Pitching: LHP Tony de la Cruz
|
|
|
Batting: RHB Alex Nagera
|
0-0: Fly out, F7 (Flyball, 7, EV 80.0 MPH)
|
|
Batting: RHB Ed Santibanez
|
0-0: Called Strike 0-1: Swinging Strike 0-2: Ball 1-2: Ball 2-2: Foul Ball, location: 2F 2-2: Foul Ball, location: 2F 2-2: Foul Ball, location: 2F 2-2: Strikes out swinging, 2-3 out at first.
|
|
Batting: LHB Jamie Spangenberg
|
0-0: Foul Ball, location: 2F 0-1: Ground out 6-3 (Groundball, 6, EV 89.4 MPH)
|
| Top of the 1st over - 0 runs, 0 hits, 0 errors, 0 left on base; Columbus 0 - Niagara Falls 0 |
| BOTTOM OF THE 1ST |
|
Niagara Falls Phantoms batting - Pitching for Columbus Reds : RHP Josh Early
|
|
Pitching: RHP Josh Early
|
|
|
Batting: RHB Jose Villanueva
|
0-0: Called Strike 0-1: Ball 1-1: Foul Ball, location: 2F 1-2: Foul Ball, location: 2F 1-2: Strikes out swinging
|
|
Batting: SHB Bruce Shelton
|
0-0: Called Strike 0-1: Swinging Strike 0-2: Ball 1-2: Ball 2-2: Ball 3-2: Reached on error, E5 (Groundball, 56, EV 103.1 MPH)
|
|
Batting: RHB Ben Underwood
|
0-0: Foul Ball, location: 2F 0-1: Swinging Strike 0-2: Foul Ball, location: 2F 0-2: Strikes out looking
|
|
Batting: RHB Jonathan Feldstein
|
0-0: Called Strike Bruce Shelton is caught stealing 2nd base 2-4
|
| Bottom of the 1st over - 0 runs, 0 hits, 1 error, 0 left on base; Columbus 0 - Niagara Falls 0 |
| TOP OF THE 2ND |
|
Columbus Reds batting - Pitching for Niagara Falls Phantoms : LHP Tony de la Cruz
|
|
Batting: LHB Armando Arellano
|
0-0: Called Strike 0-1: Called Strike 0-2: Strikes out swinging
|
|
Batting: LHB Mike Becerra
|
0-0: Ball 1-0: Fly out, F7 (Flyball, 78S, EV 91.2 MPH)
|
|
Batting: SHB Sal Esparza
|
0-0: Ball 1-0: Foul Ball, location: 2F 1-1: Ball 2-1: Ball 3-1: Fly out, F8 (Flyball, 8LD, EV 98.1 MPH)
|
| Top of the 2nd over - 0 runs, 0 hits, 0 errors, 0 left on base; Columbus 0 - Niagara Falls 0 |
| BOTTOM OF THE 2ND |
|
Niagara Falls Phantoms batting - Pitching for Columbus Reds : RHP Josh Early
|
|
Batting: RHB Jonathan Feldstein
|
0-0: Ball 1-0: Fly out, F8 (Flyball, 8LD, EV 105.6 MPH)
|
|
Batting: RHB Bailey Hays
|
0-0: Called Strike 0-1: Swinging Strike 0-2: Ball 1-2: SINGLE (Line Drive, 8LS, EV 88.8 MPH)
|
|
Batting: LHB Rip Log
|
0-0: Ball Bailey Hays steals 2nd base 1-0: Foul Ball, location: 2F 1-1: Called Strike 1-2: Foul Ball, location: 2F 1-2: Ball 2-2: Ball 3-2: Fly out, F9 (Flyball, 89M, EV 93.8 MPH)
|
|
Batting: RHB Greg Oxford
|
0-0: Foul Ball, location: 2F 0-1: Foul Ball, location: 2F 0-2: Ball 1-2: Strikes out swinging
|
| Bottom of the 2nd over - 0 runs, 1 hit, 0 errors, 1 left on base; Columbus 0 - Niagara Falls 0 |
| TOP OF THE 3RD |
|
Columbus Reds batting - Pitching for Niagara Falls Phantoms : LHP Tony de la Cruz
|
|
Batting: RHB Ruben Cantu
|
0-0: Ball 1-0: Foul Ball, location: 2F 1-1: Swinging Strike 1-2: Strikes out swinging
|
|
Batting: RHB Jimmy Geddes
|
0-0: Called Strike 0-1: Ball 1-1: Foul Ball, location: 2F 1-2: Foul Ball, location: 2F 1-2: Ball 2-2: Ball 3-2: Foul Ball, location: 2F 3-2: Strikes out swinging
|
|
Batting: RHB Emanuel Estrada
|
0-0: Ball 1-0: Called Strike 1-1: Called Strike 1-2: Ground out U3 (Groundball, 34S, EV 91.2 MPH)
|
| Top of the 3rd over - 0 runs, 0 hits, 0 errors, 0 left on base; Columbus 0 - Niagara Falls 0 |
| BOTTOM OF THE 3RD |
|
Niagara Falls Phantoms batting - Pitching for Columbus Reds : RHP Josh Early
|
|
Batting: LHB Victor Reyna
|
0-0: Ball 1-0: Ball 2-0: Ground out 4-3 (Groundball, 4M, EV 106.2 MPH)
|
|
Batting: RHB Juan Perez
|
0-0: Called Strike 0-1: Foul Ball, location: 2F 0-2: Ball 1-2: Strikes out swinging
|
|
Batting: RHB Jose Villanueva
|
0-0: Ball 1-0: Ball 2-0: Foul Ball, location: 2F 2-1: Ball 3-1: Fly out, F8 (Flyball, 78M, EV 88.8 MPH)
|
| Bottom of the 3rd over - 0 runs, 0 hits, 0 errors, 0 left on base; Columbus 0 - Niagara Falls 0 |
| TOP OF THE 4TH |
|
Columbus Reds batting - Pitching for Niagara Falls Phantoms : LHP Tony de la Cruz
|
|
Batting: RHB Alex Nagera
|
0-0: SINGLE (Groundball, 4MD, EV 98.8 MPH)
|
|
Batting: RHB Ed Santibanez
|
0-0: Ball Alex Nagera is caught stealing 2nd base 2-4 1-0: Foul Ball, location: 2F 1-1: Called Strike 1-2: DOUBLE (Groundball, 5L, EV 94.4 MPH)
|
|
Batting: LHB Jamie Spangenberg
|
0-0: Foul Ball, location: 2F 0-1: Foul Ball, location: 2F 0-2: Ground out U3 (Groundball, 3, EV 90.6 MPH) Ed Santibanez to third
|
|
Pitching: RHP Jared Lesko
|
|
|
Batting: LHB Armando Arellano
|
0-0: Ball 1-0: Ball 2-0: Called Strike 2-1: Called Strike 2-2: Fly out, F4 (Popup, 34D, EV 66.9 MPH)
|
| Top of the 4th over - 0 runs, 2 hits, 0 errors, 1 left on base; Columbus 0 - Niagara Falls 0 |
| BOTTOM OF THE 4TH |
|
Niagara Falls Phantoms batting - Pitching for Columbus Reds : RHP Josh Early
|
|
Batting: SHB Bruce Shelton
|
0-0: Swinging Strike 0-1: Swinging Strike 0-2: Ball 1-2: Ball 2-2: SINGLE (Line Drive, 78M, EV 91.2 MPH)
|
|
Batting: RHB Ben Underwood
|
0-0: Ball 1-0: Ball 2-0: Foul Ball, location: 2F 2-1: Ball 3-1: Called Strike 3-2: Foul Ball, location: 2F 3-2: Foul Ball, location: 2F 3-2: Strikes out swinging
|
|
Batting: RHB Jonathan Feldstein
|
0-0: Called Strike 0-1: Foul Ball, location: 2F 0-2: Ball 1-2: Ball 2-2: Ball 3-2: Strikes out swinging
|
|
Batting: RHB Bailey Hays
|
0-0: Called Strike 0-1: Fly out, F9 (Flyball, 9, EV 81.2 MPH)
|
| Bottom of the 4th over - 0 runs, 1 hit, 0 errors, 1 left on base; Columbus 0 - Niagara Falls 0 |
| TOP OF THE 5TH |
|
Columbus Reds batting - Pitching for Niagara Falls Phantoms : RHP Jared Lesko
|
|
Batting: LHB Mike Becerra
|
0-0: Fly out, F6 (Popup, 6, EV 54.4 MPH)
|
|
Batting: SHB Sal Esparza
|
0-0: Ball 1-0: Foul Ball, location: 2F 1-1: DOUBLE (Line Drive, 78D, EV 105.6 MPH)
|
|
Batting: RHB Ruben Cantu
|
0-0: Ball 1-0: Hit by Pitch
|
|
Batting: RHB Jimmy Geddes
|
0-0: Called Strike 0-1: Ball 1-1: Ball 2-1: Ground out 6-3 (Groundball, 6MS, EV 70.0 MPH) Sal Esparza to third Ruben Cantu to second
|
|
Batting: RHB Emanuel Estrada
|
0-0: Ball 1-0: Swinging Strike 1-1: Foul Ball, location: 2F 1-2: Strikes out swinging
|
| Top of the 5th over - 0 runs, 1 hit, 0 errors, 2 left on base; Columbus 0 - Niagara Falls 0 |
| BOTTOM OF THE 5TH |
|
Niagara Falls Phantoms batting - Pitching for Columbus Reds : RHP Josh Early
|
|
Batting: LHB Rip Log
|
0-0: Foul Ball, location: 2F 0-1: Swinging Strike 0-2: Strikes out looking
|
|
Batting: RHB Greg Oxford
|
0-0: Ball 1-0: Foul Ball, location: 2F 1-1: Ground out 5-3 (Groundball, 56S, EV 63.8 MPH)
|
|
Batting: LHB Victor Reyna
|
0-0: Ball 1-0: Fly out, F5 (Popup, 5SF, EV 73.8 MPH)
|
| Bottom of the 5th over - 0 runs, 0 hits, 0 errors, 0 left on base; Columbus 0 - Niagara Falls 0 |
| TOP OF THE 6TH |
|
Columbus Reds batting - Pitching for Niagara Falls Phantoms : RHP Jared Lesko
|
|
Batting: RHB Alex Nagera
|
0-0: Called Strike 0-1: Foul Ball, location: 2F 0-2: Ball 1-2: Ball 2-2: Strikes out looking
|
|
Batting: RHB Ed Santibanez
|
0-0: Ball 1-0: Ball 2-0: Called Strike 2-1: Swinging Strike 2-2: Ground out 5-3 (Groundball, 56S, EV 68.8 MPH)
|
|
Batting: LHB Jamie Spangenberg
|
0-0: Foul Ball, location: 2F 0-1: Swinging Strike 0-2: Foul Ball, location: 2F 0-2: SOLO HOME RUN (Flyball, 78XD, EV 98.8 MPH), Distance : 397 ft
|
|
Batting: LHB Armando Arellano
|
0-0: Ball 1-0: Swinging Strike 1-1: Ball 2-1: Ball 3-1: Called Strike 3-2: Base on Balls
|
|
Batting: LHB Mike Becerra
|
0-0: Ball 1-0: Ball 2-0: Ball 3-0: Called Strike 3-1: SINGLE (Flyball, 8RM, EV 97.5 MPH) Armando Arellano to second
|
|
Pinch Runner at 2nd Alex Ruybalid:
|
|
|
Batting: SHB Sal Esparza
|
0-0: Fielders Choice at 2nd, 5-4 (Groundball, 56, EV 83.1 MPH)
|
| Top of the 6th over - 1 run, 2 hits, 0 errors, 2 left on base; Columbus 1 - Niagara Falls 0 |
| BOTTOM OF THE 6TH |
|
Niagara Falls Phantoms batting - Pitching for Columbus Reds : RHP Josh Early
|
|
Batting: RHB Juan Perez
|
0-0: Foul Ball, location: 2F 0-1: Called Strike 0-2: Strikes out swinging
|
|
Batting: RHB Jose Villanueva
|
0-0: Ball 1-0: Foul Ball, location: 2F 1-1: Ball 2-1: Ball 3-1: DOUBLE (Line Drive, 8RD, EV 99.4 MPH) - OUT at third base trying to stretch hit.
|
|
Batting: SHB Bruce Shelton
|
0-0: Fly out, F8 (Flyball, 8LD, EV 88.8 MPH)
|
| Bottom of the 6th over - 0 runs, 1 hit, 0 errors, 0 left on base; Columbus 1 - Niagara Falls 0 |
| TOP OF THE 7TH |
|
Columbus Reds batting - Pitching for Niagara Falls Phantoms : RHP Jared Lesko
|
|
Batting: RHB Ruben Cantu
|
0-0: Fly out, F9 (Flyball, 9D, EV 108.8 MPH)
|
|
Batting: RHB Jimmy Geddes
|
0-0: Ball 1-0: Called Strike 1-1: Foul Ball, location: 2F 1-2: Ball 2-2: Strikes out swinging
|
|
Batting: RHB Emanuel Estrada
|
0-0: Fly out, F8 (Flyball, 8RD, EV 82.5 MPH)
|
| Top of the 7th over - 0 runs, 0 hits, 0 errors, 0 left on base; Columbus 1 - Niagara Falls 0 |
| BOTTOM OF THE 7TH |
|
Niagara Falls Phantoms batting - Pitching for Columbus Reds : RHP Josh Early
|
|
Batting: LHB Luis Ponce
|
0-0: Called Strike 0-1: Foul Ball, location: 2F 0-2: Foul Ball, location: 2F 0-2: Ball 1-2: Strikes out swinging
|
|
Pinch Hitting: RHB Todd Wolters
|
0-0: Called Strike 0-1: SINGLE (Groundball, 4D, EV 110.0 MPH)
|
|
Pinch Hitting: SHB Jay Gagnon
|
0-0: Ball 1-0: 2-RUN HOME RUN (Flyball, 9D, EV 99.4 MPH), Distance : 361 ft
|
|
Batting: LHB Rip Log
|
0-0: Called Strike 0-1: Swinging Strike 0-2: Strikes out swinging
|
|
Batting: RHB Greg Oxford
|
0-0: SINGLE (Flyball, 78S, EV 94.4 MPH)
|
|
Batting: LHB Victor Reyna
|
0-0: Ball 1-0: Ball 2-0: Called Strike 2-1: Foul Ball, location: 2F 2-2: Foul Ball, location: 2F 2-2: Foul Ball, location: 2F 2-2: Ball 3-2: Base on Balls Greg Oxford to second
|
|
Pitching: RHP Hugo Pirir
|
|
|
Batting: RHB Juan Perez
|
0-0: Ball 1-0: Foul Ball, location: 2F 1-1: Called Strike 1-2: Ball 2-2: Foul Ball, location: 2F 2-2: Foul Ball, location: 2F 2-2: Ball 3-2: Strikes out swinging
|
| Bottom of the 7th over - 2 runs, 3 hits, 0 errors, 2 left on base; Columbus 1 - Niagara Falls 2 |
| TOP OF THE 8TH |
|
Columbus Reds batting - Pitching for Niagara Falls Phantoms : RHP Jared Lesko
|
|
Pitching: RHP Lucas Uil
|
|
|
Now at 1B: Jim O'Dwyer
|
|
|
Now in LF: Victor Reyna
|
|
|
Now in CF: Jay Gagnon
|
|
|
Batting: RHB Alex Nagera
|
0-0: Ball 1-0: Ball 2-0: Ball 3-0: Base on Balls
|
|
Batting: RHB Ed Santibanez
|
0-0: SINGLE (Line Drive, 34D, EV 95.6 MPH) Alex Nagera to second
|
|
Batting: LHB Jamie Spangenberg
|
0-0: Ball 1-0: Foul Ball, location: 2F 1-1: Foul Ball, location: 2F 1-2: Foul Ball, location: 2F 1-2: Fly out, F8 (Flyball, 8RXD, EV 101.9 MPH) Runner from 2nd tags up, SAFE at 3rd, no throw by CF
|
|
Batting: LHB Jamel Wilhite
|
0-0: Foul Ball, location: 2F 0-1: Ball 1-1: Foul Ball, location: 2F 1-2: Ball 2-2: Foul Ball, location: 2F 2-2: Ball 3-2: Foul Ball, location: 2F 3-2: Base on Balls Ed Santibanez to second
|
|
Batting: LHB Mike Becerra
|
0-0: Swinging Strike 0-1: Called Strike 0-2: Ball 1-2: Ball 2-2: Strikes out swinging
|
|
Batting: SHB Sal Esparza
|
0-0: SINGLE (Line Drive, 78S, EV 104.4 MPH) Alex Nagera scores Ed Santibanez to third Jamel Wilhite to second Runner from 3rd tries for Home, SAFE, throw by CF to home
|
|
Batting: RHB Ruben Cantu
|
0-0: Called Strike 0-1: Called Strike 0-2: Strikes out swinging
|
| Top of the 8th over - 2 runs, 2 hits, 0 errors, 2 left on base; Columbus 3 - Niagara Falls 2 |
| BOTTOM OF THE 8TH |
|
Niagara Falls Phantoms batting - Pitching for Columbus Reds : RHP Hugo Pirir
|
|
Now at SS: Nick Partain
|
|
|
Batting: RHB Jose Villanueva
|
0-0: Called Strike 0-1: Fly out, F7 (Flyball, 78S, EV 96.2 MPH)
|
|
Pinch Hitting: RHB Scott Cuff
|
0-0: Foul Ball, location: 2F 0-1: Ball 1-1: Ball 2-1: Ball 3-1: DOUBLE (Flyball, 78XD, EV 110.0 MPH)
|
|
Batting: LHB Luis Ponce
|
0-0: Ball 1-0: Swinging Strike 1-1: Ball 2-1: Ball 3-1: Base on Balls
|
|
Batting: RHB Jim O'Dwyer
|
0-0: Ball 1-0: Called Strike 1-1: 3-RUN HOME RUN (Flyball, 9D, EV 95.6 MPH), Distance : 358 ft
|
|
Pitching: LHP Joe McLaughlin
|
|
|
Batting: SHB Jay Gagnon
|
0-0: Ball 1-0: Foul Ball, location: 2F 1-1: Foul Ball, location: 2F 1-2: Foul Ball, location: 2F 1-2: Ball 2-2: Ball 3-2: SOLO HOME RUN (Flyball, 9LD, EV 96.9 MPH), Distance : 345 ft
|
|
Batting: LHB Rip Log
|
0-0: Ball 1-0: SOLO HOME RUN (Flyball, 9D, EV 96.2 MPH), Distance : 352 ft
|
|
Batting: RHB Greg Oxford
|
0-0: Ball 1-0: Ball 2-0: Ball 3-0: Called Strike 3-1: Called Strike 3-2: Strikes out swinging
|
|
Batting: LHB Victor Reyna
|
0-0: Foul Ball, location: 2F 0-1: Foul Ball, location: 2F 0-2: Strikes out swinging
|
| Bottom of the 8th over - 5 runs, 4 hits, 0 errors, 0 left on base; Columbus 3 - Niagara Falls 7 |
| TOP OF THE 9TH |
|
Columbus Reds batting - Pitching for Niagara Falls Phantoms : RHP Lucas Uil
|
|
Pitching: LHP Brendan Thompson
|
|
|
Now at 2B: Hui Li
|
|
|
Batting: RHB Jimmy Geddes
|
0-0: Ball 1-0: Ball 2-0: Ball 3-0: Called Strike 3-1: Base on Balls
|
|
Batting: RHB Emanuel Estrada
|
0-0: Grounds into double play, 5-4-3 (Groundball, 5, EV 95.0 MPH)
|
|
Batting: RHB Alex Nagera
|
0-0: Called Strike 0-1: Swinging Strike 0-2: Ball 1-2: Foul Ball, location: 2F 1-2: Ground out U3 (Groundball, 3, EV 84.4 MPH)
|
| Top of the 9th over - 0 runs, 0 hits, 0 errors, 0 left on base; Columbus 3 - Niagara Falls 7 |
|